 Dungeon Crawl Stone Soup version 0.30.0-30-g96aa6591b8 (webtiles) character file.

Game seed: 5619463120655885393

4589 monsoonserge the Thaumaturge (level 10, -2/62 HPs)
             Began as a Djinni Ice Elementalist on June 27, 2023.
             Was an Initiate of Gozag.
             Slain by a death yak (11 damage)
             ... on level 8 of the Dungeon.
             The game lasted 00:38:24 (7497 turns).

monsoonserge the Thaumaturge (DjIE)                 Turns: 7497, Time: 00:38:24

Health: -2/62      AC: 16    Str:  7    XL:     10   Next: 68%
Gold:   844        EV: 12    Int: 21    God:    Gozag SH:  0 Dex: 20

rFire   + + .        d - staff of cold
rCold   . . .        (no shield)
rNeg    . . .        z - +2 leather armour {Will+}
rPois   ∞            (no helmet)
rElec   .            p - +0 cloak
rCorr   .            t - +0 pair of gloves
SInv    .            (boots unavailable)
Will    ++...        (no amulet)
Stlth   ++           f - +6 ring of dexterity
HPRegen 0.30/turn    (no ring)
MPRegen 0.00/turn

%: infuse magic (-3 HP)
@: ice-armoured, gold aura, freezing walls, flying
A: sickness immunity, fire resistance 2, cold vulnerability 1, float, innate
caster, HP casting, extra vitality 1
a: Renounce Religion, Potion Petition, Call Merchant, Bribe Branch


You were on level 8 of the Dungeon.
You worshipped Gozag.
Gozag was pleased with you.
You visited 2 branches of the dungeon, and saw 9 of its levels.

You collected 865 gold pieces.
You paid 21 gold pieces to Gozag.

Inventory:

Hand Weapons
 c - a +0 falchion of holy wrath
 i - a +4 trident of protection
 o - a +4 quarterstaff of chaos
 q - a +2 dagger of venom
 r - the +8 spear of Intimidation {pain, Will+}
   (You found it on level 5 of the Dungeon)

   Will:      It increases your willpower.
 y - the +2 dagger of the Badger {flame, Int+2}
   (You took it off Ijyb on level 3 of the Dungeon)

   Int:       It affects your intelligence (+2).
 E - a +0 shortbow
 I - a +1 heavy sling
Missiles
 h - 3 boomerangs
 H - 2 curare-tipped darts
Armour
 j - a +2 chain mail of poison resistance
 p - a +0 cloak (worn)
 t - a +0 pair of gloves (worn)
 z - a +2 leather armour of willpower (worn)
Magical Staves
 d - a staff of cold (weapon)
Jewellery
 f - a +6 ring of dexterity (left hand)
Wands
 x - a wand of iceblast (6)
 C - a wand of charming (10)
Scrolls
 g - 4 scrolls of enchant armour {unknown}
 k - 7 scrolls of identify {unknown}
 l - 4 scrolls of fog {unknown}
 m - 2 scrolls of fear {unknown}
 n - a scroll of magic mapping {unknown}
 s - 4 scrolls of teleportation {unknown}
 u - 2 scrolls of amnesia {unknown}
 B - a scroll of immolation {unknown}
 D - a scroll of blinking {unknown}
 F - a scroll of butterflies {unknown}
 G - a scroll of vulnerability {unknown}
 J - a scroll of noise {unknown}
 K - a scroll of acquirement {unknown}
Potions
 a - 2 potions of mutation {unknown}
 b - a potion of ambrosia {unknown}
 e - 3 potions of heal wounds {unknown}
 v - a potion of curing
 w - 3 potions of cancellation {unknown}
 A - 2 potions of degeneration {unknown}
 L - a potion of lignification {unknown}


   Skills:
 + Level 1.1 Fighting
 - Level 0.5 Staves
 + Level 4.2 Armour
 + Level 2.6 Dodging
 - Level 2.0 Stealth
 * Level 11.3 Spellcasting


You knew the following spells:

 Your Spells              Type           Power      Damage    Failure   Level
a - Freeze                Ice            100%       1d10      1%          1
b - Frozen Ramparts       Ice            100%       1d16      1%          3
c - Ozocubu's Armour      Ice            73%        N/A       1%          3
d - Summon Ice Beast      Ice/Summ       73%        N/A       1%          4
e - Slow                  Hex            100%       N/A       1%          1
f - Scorch                Fire           100%       2d9       1%          2
g - Poisonous Vapours     Pois/Air       100%       N/A       1%          2
h - Iskenderun's Mystic   Conj/Tloc      56%        2d12      1%          4
Your spell library was empty.

Dungeon Overview and Level Annotations

Branches:
Dungeon (8/15)             Temple (1/1) D:4
   Lair: D:8-11

Altars:
Ashenzari
Cheibriados
Dithmenos
Elyvilon
Fedhas
Gozag
Hepliaklqana
Makhleb
Nemelex Xobeh
Qazlal
Ru
Uskayaw
Wu Jian
Xom
Yredelemnul
Zin
The Shining One

Shops:
D:8 (

Annotations:
D:8 1 transporter


Innate Abilities, Weirdness & Mutations

You are immune to sickness and miasma.
You are immune to poison.
Your flesh is very heat resistant. (rF++)
You are vulnerable to cold. (rC-)
You float through the air rather than walking.
You learn spells naturally, not from books.
Your magical power is your life essence.
You have superior vitality. (+4 MHP)


Message History

Okay, then.
You feel better.
The wall freezes the death yak.
The death yak gores you.
Your ice beast hits the death yak.
Your ice beast freezes the death yak!
Casting: Slow (safe; 1% risk of failure)
Confirm with . or Enter, or press ? or * to list all spells.
Aiming: Poisonous Vapours (safe; 1% risk of failure)
Press: ? - help, Dir - move target, f - death yak, p - ice beast
Aim: a death yak (heavily wounded, very poisoned, ally target) Poisonous vapours surround the death yak!
The death yak looks as sick as possible!
* * * LOW HITPOINT WARNING * * *
The wall freezes the death yak.
The death yak gores you but does no damage.
Your ice beast barely misses the death yak.
Press: ? - help, v - describe, . - travel, g - get item
Here: a death yak (heavily wounded, extremely poisoned, ally target) Item here: 15 gold pieces.
The floor.
Casting: Poisonous Vapours (safe; 1% risk of failure)
Confirm with . or Enter, or press ? or * to list all spells.
Aiming: Freeze (safe; 1% risk of failure)
Press: ? - help, Shift-Dir - straight line, f/p - death yak
Aim: a death yak (heavily wounded, extremely poisoned, ally target)
You feel a surge of power!
You freeze the death yak.
The death yak is heavily wounded.
* * * LOW HITPOINT WARNING * * *
The wall freezes the death yak.
The death yak gores you!
* * * LOW HITPOINT WARNING * * *
Your ice beast hits the death yak but does no damage.
Casting: Freeze (safe; 1% risk of failure)
Confirm with . or Enter, or press ? or * to list all spells.
Aiming: Freeze (safe; 1% risk of failure)
Press: ? - help, Shift-Dir - straight line, f/p - death yak
Aim: a death yak (heavily wounded, not watching you, extremely poisoned, ally target)
You feel a surge of power!
You freeze the death yak.
The death yak is heavily wounded.
* * * LOW HITPOINT WARNING * * *
The wall freezes the death yak.
The death yak gores you!
You die...
Your body crumbles into a pile of gold.

#.....#.#.#.#.#..#
......#.#.#.#.#..#
..... #.#...#.#..#
..... +.#∩###.####
#..... #..# .#
+.....##.##
#......#.#
#...)....#
#...._Y$@#
#...?8.Y##
#...._.$.
#........
#.......).
##..#.....
...#...... .# #...


You could see a death yak (extremely poisoned, ally target) and a friendly ice
beast (summoned).

Vanquished Creatures
  2 death yaks (D:8)
  Joseph (D:7)
  The ghost of Mig the Cudgeller, an amateur TrFi (D:4)
  Grinder (D:5)
  A wyvern (D:7)
  2 steam dragons (D:6)
  Menkaure (D:5)
  3 black bears
  An orc warrior (D:7)
  An ogre (D:6)
  A centaur (D:6)
  2 phantoms
  A gnoll sergeant (D:4)
  5 scorpions
  A howler monkey (D:7)
  A hound (D:6)
  Crazy Yiuf (D:2)
  A jelly (D:4)
  Natasha (thrice) (D:3)
  A sleepcap (D:4)
  Ijyb (D:3)
  Terence (D:3)
  4 iguanas (D:6)
  3 orc wizards (D:3)
  3 gnolls
  3 river rats (D:8)
  13 adders
  2 shadow imps
  2 white imps
  An ufetubus (D:6)
  2 dart slugs (D:4)
  13 orcs
  11 ball pythons
  4 endoplasms
  6 giant cockroaches
  7 goblins
  6 hobgoblins
  5 jackals
  11 kobolds
  8 quokkas
  6 bats
  3 frilled lizards (D:1)
  8 rats
154 creatures vanquished.

Vanquished Creatures (collateral kills)
  2 kobold brigands (D:7)
  A bullfrog (D:3)
  The ghost of fishwithlegs the Trooper, a weakling HOFi (D:3)
  An orc priest (D:7)
  A jelly (D:7)
  An orc wizard (D:7)
  A worm (D:3)
  3 orcs (D:7)
11 creatures vanquished.

Vanquished Creatures (others)
  A human (D:5)
1 creature vanquished.

Grand Total: 166 creatures vanquished

Notes
Turn   | Place    | Note
-------+----------+-------------------------------------------
     0 | D:1      | monsoonserge the Djinni Ice Elementalist began the quest
                  | for the Orb.
     0 | D:1      | monsoonserge set off with the following spells memorised:
                  | Freeze, Frozen Ramparts, Ozocubu's Armour, Summon Ice
                  | Beast.
     0 | D:1      | Reached XP level 1. HP: 15/15 MP: 0/0
   113 | D:1      | Reached XP level 2. HP: 19/21 MP: 0/0
   122 | D:1      | Found a faded altar of an unknown god.
   410 | D:1      | Reached XP level 3. HP: 24/25 MP: 0/0
   410 | D:1      | Learned a level 1 spell: Slow
   714 | D:2      | Reached skill level 1 in Armour
   805 | D:2      | Reached skill level 4 in Spellcasting
   819 | D:2      | Reached XP level 4. HP: 26/31 MP: 0/0
  1630 | D:2      | Found a runed translucent door.
  1631 | D:2      | Noticed Crazy Yiuf
  1638 | D:2      | Killed Crazy Yiuf
  1639 | D:2      | Reached XP level 5. HP: 13/35 MP: 0/0
  1639 | D:2      | Learned a level 2 spell: Scorch
  1817 | D:3      | Reached XP level 6. HP: 10/40 MP: 0/0
  1939 | D:3      | Noticed Natasha
  1940 | D:3      | Noticed Ijyb
  1952 | D:3      | Killed Natasha
  2107 | D:3      | Reached skill level 5 in Spellcasting
  2214 | D:3      | Noticed Natasha
  2222 | D:3      | Killed Natasha
  2285 | D:3      | Identified the +2 dagger of the Badger {flame, Int+2}
  2295 | D:3      | Killed Ijyb
  2415 | D:3      | Noticed Terence
  2424 | D:3      | Killed Terence
  2515 | D:3      | Found a runed translucent door.
  2516 | D:3      | Noticed fishwithlegs's ghost (weakling HOFi)
  2543 | D:3      | Found a runed translucent door.
  2709 | D:3      | Noticed Natasha
  2714 | D:3      | Killed Natasha
  2851 | D:4      | Reached XP level 7. HP: 42/46 MP: 0/0
  2851 | D:4      | Learned a level 2 spell: Poisonous Vapours
  2885 | D:4      | Found a staircase to the Ecumenical Temple.
  2899 | Temple   | Entered the Ecumenical Temple
  2967 | Temple   | Became a worshipper of Gozag Ym Sagoz the Greedy
  2995 | D:4      | Found a broken altar of Ashenzari.
  3119 | D:4      | Got the Book of the Big Bang
  3474 | D:4      | Reached skill level 6 in Spellcasting
  3528 | D:4      | Found a runed translucent door.
  3528 | D:4      | Noticed Mig's ghost (amateur TrFi)
  3955 | D:3      | Killed fishwithlegs's ghost
  3956 | D:3      | Reached XP level 8. HP: 26/51 MP: 0/0
  4129 | D:5      | Entered Level 5 of the Dungeon
  4199 | D:5      | Identified the +8 spear of Intimidation {pain, Will+}
  4238 | D:5      | Noticed Grinder
  4238 | D:5      | Paralysed by Grinder for 4 turns
  4252 | D:5      | Killed Grinder
  4377 | D:5      | Reached skill level 7 in Spellcasting
  4445 | D:5      | Found a sacrificial altar of Ru.
  4829 | D:5      | Noticed a human
  4837 | D:5      | Killed a human
  4910 | D:5      | Noticed Menkaure
  4918 | D:5      | Killed Menkaure
  5070 | D:6      | Reached XP level 9. HP: 49/56 MP: 0/0
  5070 | D:6      | Learned a level 4 spell: Iskenderun's Mystic Blast
  5169 | D:6      | Reached skill level 1 in Fighting
  5169 | D:6      | Reached skill level 8 in Spellcasting
  5648 | D:6      | Found a blossoming altar of Fedhas.
  5812 | D:6      | Reached skill level 9 in Spellcasting
  6041 | D:7      | Noticed Joseph
  6242 | D:7      | Killed Joseph
  6405 | D:7      | Reached XP level 10. HP: 48/62 MP: 0/0
  6691 | D:7      | Reached skill level 10 in Spellcasting
  7001 | D:7      | Found a white marble altar of Elyvilon.
  7001 | D:7      | Found a glowing golden altar of the Shining One.
  7002 | D:7      | Found a glowing silver altar of Zin.
  7112 | D:8      | Found a transporter.
  7112 | D:8      | Noticed a death yak
  7235 | D:4      | Killed Mig's ghost
  7380 | D:8      | Noticed a death yak
  7452 | D:8      | Found Peblut's Weapon Shop.
  7459 | D:8      | Found a shimmering altar of Xom.
  7462 | D:8      | Found a hide-covered altar of Uskayaw.
  7474 | D:8      | Noticed a death yak
  7483 | D:8      | Killed a death yak
  7484 | D:8      | Reached skill level 11 in Spellcasting
  7493 | D:8      | Killed a death yak
  7497 | D:8      | Slain by a death yak

Illustrated notes

Levels and vault maps discovered:
D:1:      scummos_arrival_simple_crosswalls, layout_basic,
          dilly_ecumenical_altar_fadedgnrine, minmay_misc_feat_plants
D:2:      layout_loops_cross, uniq_crazy_yiuf_cottage
D:3:      layout_basic, ebering_ghost_sewer_f, serial_rivers,
          chequers_serial_rivers_small_a, chequers_serial_rivers_small_b,
          chequers_serial_rivers_marsh, chequers_serial_rivers_small_a,
          minmay_circle_x, uniq_ijyb, uniq_terence, uniq_natasha
D:4:      layout_rooms, ashenzari_altar_1, minmay_temple_entry_glassed_door,
          hellmonk_ghost_happy_afterlife
D:5:      layout_loops_ring, tgw_kikubaaqudgha,
          mainiacjoe_overflow_small_starburst, uniq_grinder, uniq_menkaure
D:6:      layout_basic, overflow_temple_1_default, minmay_stone_trees_large
D:7:      layout_rooms, good_gods_mini_temple, amcnicky_altar_gilded,
          hangedman_decor_slide_cut, uniq_joseph
D:8:      gammafunk_boulding_lane, layout_basic,
          chequers_temple_overflow_statue_of_worship, dpeg_lair_monsters,
          special_room [special_room_orc], serial_shops, shop
Temple:   zaba_magenta_temple

Skill      XL: |  1  2  3  4  5  6  7  8  9 10 |
---------------+-------------------------------+-----
Armour         | 1 2 3 4 |  4.2
Spellcasting   | 4 5 6 7 9 11 | 11.3
Stealth        | 2 |  2.0
Fighting       | 1 |  1.1
Staves         | |  0.5
Dodging        | |  2.6

Action                     |  1- 3 |  4- 6 |  7- 9 | 10-12 || total
---------------------------+-------+-------+-------+-------++-------
  Melee: Club              |     3 |       |       |       ||     3
         Flail             |     3 |    16 |       |       ||    19
         Quarterstaff      |       |     8 |       |       ||     8
         Dagger            |       |     1 |     6 |       ||     7
         Staff             |       |       |    15 |     2 ||    17
   Cast: Freeze            |    38 |    52 |    28 |     4 ||   122
         Frozen Ramparts   |     1 |    12 |    31 |     9 ||    53
         Ozocubu's Armour  |       |     7 |    11 |     5 ||    23
         Slow              |       |     3 |     7 |       ||    10
         Scorch            |       |     1 |    42 |    19 ||    62
         Poisonous Vapours |       |       |    16 |    11 ||    27
         Summon Ice Beast  |       |       |    10 |     6 ||    16
         Iskenderun's Myst |       |       |     3 |       ||     3
    Use: Potion            |       |     2 |       |     2 ||     4
   Stab: Sleeping          |     2 |     1 |     1 |       ||     4
         Distracted        |       |       |       |     1 ||     1
 Armour: Robe              |     2 |       |       |       ||     2
         Leather armour    |     8 |    36 |    18 |     7 ||    69
  Dodge: Dodged            |    25 |    40 |    39 |     7 ||   111
